 Dungeon Crawl Stone Soup version bcrawl-1.12-11-gb93c957c58 (webtiles) character file.

Game seed: 13665036917226473533

324 Freyura the Twirler (level 6, -4/48 HPs)
             Began as a Demonspawn Gladiator on June 22, 2019.
             Killed by divine providence
             ... invoked by an orc priest
              (14 damage)
             ... on level 4 of the Dungeon.
             The game lasted 00:09:18 (3045 turns).

Freyura the Twirler (Demonspawn Gladiator)          Turns: 3045, Time: 00:09:18

Health: -4/48      AC:  8    Str: 14    XL:     6   Next: 23%
Magic:  6/6        EV: 11    Int: 15    God:
Gold:   158        SH:  0    Dex: 18    Spells: 5/5 levels left

rFire    . . .     SeeInvis .   a - +0 quarterstaff
rCold    + . .     Gourm    .   (shield currently unavailable)
rNeg     . . .     Faith    .   k - +0 scale mail
rPois    .         Spirit   .   (helmet restricted)
rElec    .         Reflect  .   (no cloak)
rCorr    .         Harm     .   (no gloves)
MR       .....                  (no boots)
Stlth    ..........             (no amulet)
HPRegen  0.16/turn              (no ring)
MPRegen  0.10/turn              (no ring)

@: brilliant
A: antennae 1, iridescent scales 1, agile 1, cold resistance 1, mutation
resistance 1, rot immunity
a: no special abilities


You were on level 4 of the Dungeon.
You were not hungry.

You visited 1 branch of the dungeon, and saw 4 of its levels.

You collected 158 gold pieces.

Inventory:

Hand Weapons
 a - a +0 quarterstaff (weapon)
Missiles
 d - 3 throwing nets (quivered) {!f}
Armour
 c - a +1 helmet
 k - a +0 scale mail (worn)
Magical Staves
 p - an uncursed staff of power
Scrolls
 b - a scroll of blinking {unknown}
 g - 2 scrolls of teleportation
 i - 4 scrolls of remove curse
 m - a scroll of immolation
Potions
 e - a potion of brilliance
 j - a potion of curing
 q - a potion of flight {unknown}
Comestibles
 f - 12 rations {!d}
 h - a chunk of flesh


   Skills:
 + Level 3.6 Fighting
 + Level 3.9 Staves
 - Level 1.7 Throwing
 + Level 2.6 Armour
 + Level 3.9 Dodging


You had 5 spell levels left.
You didn't know any spells.
Your spell library was empty.

Dungeon Overview and Level Annotations

Branches:
Dungeon (4/12)
 Temple: D:4-7

Altars:
Dithmenos


Innate Abilities, Weirdness & Mutations

You are partially covered in iridescent scales. (AC +2)
Your flesh is cold resistant. (rC+)
You are immune to rotting.
You have a pair of small antennae on your head.
You are agile. (Dex +2)
You are somewhat resistant to further mutation.


Message History

The orc's wounds heal themselves!
You hear some strange, mumbled words.
A magic dart appears from out of thin air!
The magic dart hits you!
You hit something.
Reactivating autopickup.
You feel a bit more experienced.
The orc priest invokes the aid of Beogh against you.
Beogh smites you!
You hit the orc but do no damage. The orc hits you but does no damage.
You hit the orc but do no damage.
The orc priest mumbles some strange prayers to Beogh against you.
Beogh smites you!
* * * LOW HITPOINT WARNING * * *
The orc hits you but does no damage.
You hit the orc but do no damage. The orc hits you but does no damage.
You barely miss the orc. The orc closely misses you.
The orc priest calls down the wrath of Beogh upon you.
Beogh smites you!
You die...

......# .[....#### .........#
.........# ##### .........#
#...########
###..#############...........
#..............##...........
#..............##o.....>....
#..............@o{o.........
##..########'####o..........
#..# #.# #.........o. #..#
#.# #........... ##.# #.#
#........... #.# #.#
#........... #.# #.#
#........... #># ..#
#...........


You could see an orc priest and 3 orcs.

Vanquished Creatures
  A scorpion (D:3)
  A hound (D:4)
  2 orc wizards (D:4)
  An orc priest (D:3)
  3 gnolls (D:4)
  3 adders
  An ooze (D:3)
  2 dart slugs
  3 leopard geckos
  12 orcs
  5 bats (D:1)
  5 giant cockroaches
  6 goblins
  7 hobgoblins
  9 jackals
  2 ball pythons
  7 frilled lizards
  12 kobolds
  5 rats
87 creatures vanquished.

Notes
Turn   | Place    | Note
-------+----------+-------------------------------------------
     0 | D:1      | Freyura the Demonspawn Gladiator began the quest for the
                  | Orb.
     0 | D:1      | Reached XP level 1. HP: 16/16 MP: 1/1
   256 | D:1      | Gained mutation: You are immune to rotting. [demonic
                  | ancestry]
   256 | D:1      | Reached XP level 2. HP: 19/22 MP: 2/2
   472 | D:1      | Reached skill level 1 in Armour
   566 | D:1      | Gained mutation: You are partially covered in iridescent
                  | scales. (AC +2) [demonic ancestry]
   566 | D:1      | Reached XP level 3. HP: 24/28 MP: 3/3
   915 | D:2      | Found a shadowy altar of Dithmenos.
  1199 | D:2      | Reached XP level 4. HP: 31/34 MP: 4/4
  1848 | D:3      | Reached XP level 5. HP: 37/41 MP: 5/5
  3002 | D:4      | Gained mutation: Your flesh is cold resistant. (rC+)
                  | [demonic ancestry]
  3002 | D:4      | Reached XP level 6. HP: 37/47 MP: 6/6
  3032 | D:4      | Gained mutation: You are somewhat resistant to further
                  | mutation. [potion of mutation]
  3032 | D:4      | Gained mutation: You are agile. (Dex +2) [potion of
                  | mutation]
  3032 | D:4      | Gained mutation: You have a pair of small antennae on your
                  | head. [potion of mutation]
  3045 | D:4      | Killed from afar by an orc priest

Skill      XL: |  1  2  3  4  5 |
---------------+----------------+-----
Staves         | 3 |  3.9
Dodging        | 3 |  3.9
Armour         | 1 2 |  2.6
Fighting       | 3 |  3.6
Throwing       | |  1.7

Action                   |  1- 3 |  4- 6 || total
-------------------------+-------+-------++-------
Melee: Quarterstaff      |   125 |   166 ||   291
  Use: Scroll            |       |    10 ||    10
       Potion            |       |     4 ||     4
 Stab: Sleeping          |     2 |       ||     2
  Eat: Chunk             |     1 |     6 ||     7
Armor: Leather armour    |    42 |    35 ||    77
       Scale mail        |       |    25 ||    25
Dodge: Dodged            |    95 |   109 ||   204
